AoeStats
← Varvara

QS Arena

503162277Analyzed
1v1 RM · 1mo ago on Aug 30, 2026· 27m 35s· 2 players
Game mode
Random Map
Map size
Tiny (2 player)
Population
200
Speed
Normal
Resources
Standard
Victory
Conquest
Starting age
Dark Age
Ending age
Imperial Age
RankedLock teamsTeams togetherTeam positionsShared explorationLock speedFull tech treeHidden civsTurbo modeCheats
Victory
Defeat
🇪🇸 Italians · Spain
742
+15
🇷🇺 Lithuanians · Russia
728
-15
Varvara
8:17 Feudal Age
8:56 Double-Bit Axe
8:53 Horse Collar
15:04 Castle Age
13:38 Forging
20:58 Loom
22:31 Iron Casting
21:58 Scale Mail Armor
22:04 Scale Barding Armor
Feracba
7:31 Feudal Age
8:17 Double-Bit Axe
13:58 Castle Age
13:30 Horse Collar
13:42 Gold Mining
16:37 Wheelbarrow
16:01 Pikeman
17:01 Stone Mining
18:09 Bow Saw
21:30 Town Watch
23:27 Forging
23:08 Fletching
22:41 Crossbowman
23:33 Thumb Ring
23:46 Scale Mail Armor
24:33 Hand Cart
26:29 Chain Mail Armor
Connection lost

Rejoining the realm…

Still unreachable

The connection could not be restored.

Session expired

The server has moved on; the page needs a fresh start.